 Dungeon Crawl Stone Soup version 0.29-a0-414-g5075937ec3 (webtiles) character file.

Game seed: 16093080698751620135

90 purpskrrrp the Sneak (level 4, 0/44 HPs)
             Began as a Troll Delver on May 15, 2022.
             Slain by an endoplasm (2 damage)
             ... on level 4 of the Dungeon.
             The game lasted 00:02:23 (291 turns).

purpskrrrp the Sneak (Troll Delver)                  Turns: 291, Time: 00:02:24

Health: 0/44       AC:  4    Str: 22    XL:     4   Next: 32%
Magic:  3/3        EV: 10    Int:  6    God:
Gold:   18         SH:  0    Dex: 11    Spells: 3/3 levels left

rFire   . . .      SeeInvis .   a - +0 falchion
rCold   . . .      Faith    .   (no shield)
rNeg    . . .      Spirit   .   b - +0 robe
rPois   .          Reflect  .   (helmet restricted)
rElec   .          Harm     .   (no cloak)
rCorr   .          Rampage  .   (gloves unavailable)
Will    .....                   (boots unavailable)
Stlth   ++........              (no amulet)
HPRegen 0.94/turn               (no ring)
MPRegen 0.08/turn               (no ring)

@: no status effects
A: large, unfitting armour, claws 3, regeneration 1, shaggy fur 1, tough skin 1
a: no special abilities


You were on level 4 of the Dungeon.
You visited 1 branch of the dungeon, and saw 2 of its levels.

You collected 18 gold pieces.

Inventory:

Hand Weapons
 a - a +0 falchion (weapon)
Armour
 b - a +0 robe (worn)
 h - a +0 ring mail
Wands
 g - a wand of digging (3)
Scrolls
 c - a scroll of fog
 d - a scroll of magic mapping
 e - a scroll of fear
 i - a scroll of noise {unknown}
Potions
 f - a potion of haste


   Skills:
 + Level 2.8 Fighting
 + Level 1.8 Long Blades
 + Level 1.8 Dodging
 + Level 3.5 Stealth


You had 3 spell levels left.
You didn't know any spells.
Your spell library was empty.

Dungeon Overview and Level Annotations

Branches:
Dungeon (5/15)
 Temple: D:4-7

Altars:

Annotations:
D:4 Sigmund


Innate Abilities, Weirdness & Mutations

You are too large for most types of armour.
You have claws for hands.
Your natural rate of healing is unusually fast.
You are covered in fur. (AC +1)
You have tough skin. (AC +1)


Message History

An endoplasm comes into view.
Something hits you!
You barely miss something.
You hear some strange, mumbled words.
A magic dart appears from out of thin air!
The magic dart hits you! Something hits you but does no damage.
The endoplasm barely misses you.
The endoplasm quivers.
You slash something!
You hear some strange, mumbled words.
You are confused.
The endoplasm hits you but does no damage.
You hit something. Something hits you! The endoplasm freezes you.
You are frozen.
Something hits you. The endoplasm hits you. Something hits you.
* * * LOW HITPOINT WARNING * * *
Something hits you but does no damage. The endoplasm attacks as you move away!
The endoplasm misses you.
You're too confused to move!
Something hits you but does no damage. The endoplasm freezes you.
You are frozen.
* * * LOW HITPOINT WARNING * * *
You're too confused to move!
The endoplasm barely misses you. Something hits you!
* * * LOW HITPOINT WARNING * * *
You feel less confused.
Sigmund appears from thin air!
Reactivating autopickup.
The endoplasm hits you but does no damage.
Sigmund gestures wildly while chanting.
Sigmund flickers and vanishes!
Deactivating autopickup; reactivate with Ctrl-A.
Something hits you.
* * * LOW HITPOINT WARNING * * *
The endoplasm closely misses you.
The endoplasm hits you but does no damage.
There is a stone staircase leading down, spattered with blood here.
The endoplasm hits you.
You die...

##.?..........#...#.
....................
."..............$.#
............/.....##
.......?...........#
.........>.......#
.......#....{...##
.............J..#
.............J@.#
.[##..(......#..# .
.......#..##.##
?..######.#### .##
###


You could see 2 endoplasms.

Vanquished Creatures
  A scorpion (D:5)
  A hound (D:5)
  A dart slug (D:4)
3 creatures vanquished.

Notes
Turn   | Place    | Note
-------+----------+-------------------------------------------
     0 | D:5      | purpskrrrp the Troll Delver began the quest for the Orb.
     0 | D:5      | Reached XP level 1. HP: 22/22 MP: 0/0
    23 | D:5      | Noticed a hound
    38 | D:5      | Killed a hound
    39 | D:5      | Reached skill level 3 in Stealth
    39 | D:5      | Reached XP level 2. HP: 7/29 MP: 1/1
    39 | D:5      | Reached XP level 3. HP: 9/36 MP: 2/2
    92 | D:4      | Noticed Sigmund
   107 | D:5      | Noticed a scorpion
   117 | D:5      | Killed a scorpion
   118 | D:5      | Reached XP level 4. HP: 14/44 MP: 3/3
   288 | D:4      | HP: 2/44 [something (10)]
   291 | D:4      | Slain by an endoplasm

Illustrated notes

Levels and vault maps discovered:
D:4:      layout_cave_pools, uniq_sigmund
D:5:      layout_loops_ring, mainiacjoe_overflow_paths, skrybe_limestone_x,
          lemuel_flame_loot_1

Skill      XL: |  1 |
---------------+----+-----
Stealth        | 3 |  3.5
Fighting       | |  2.8
Long Blades    | |  1.8
Dodging        | |  1.8

Action                   |  1- 3 |  4- 6 || total
-------------------------+-------+-------++-------
Melee: Falchion          |    22 |     5 ||    27
Armor: Robe              |     5 |     7 ||    12
Dodge: Dodged            |    14 |     5 ||    19

Table legend: (Time is in decaauts)
 A = Elapsed time spent in this place.
 B = Non-inter-level travel time spent in this place.
 C = Inter-level travel time spent in this place.
 D = Time resting spent in this place.
 E = Time spent auto-exploring this place.
 F = Levels seen in this place.
 G = Mean time per level.
                   A        B        C        D        E       F      G
               +--------+--------+--------+--------+--------+-----+--------+
         Total |    297 |    273 |     24 |     71 |    115 |   2 |  148.5 |
       Dungeon |    297 |    273 |     24 |     71 |    115 |   2 |  148.5 |
               +--------+--------+--------+--------+--------+-----+--------+

Top non-repeatable levels by time:
     D:5: 271 daAuts
     D:4: 26 daAuts
